 Dungeon Crawl Stone Soup version 0.22-a0-872-g6a232dd (webtiles) character file.

133 prawnwizard the Ducker (level 4, -1/23 HPs)
             Began as a Spriggan Gladiator on July 28, 2018.
             Slain by a gnoll
             ... wielding a +0 spear
              (5 damage)
             ... on level 4 of the Dungeon.
             The game lasted 00:03:33 (3143 turns).

prawnwizard the Ducker (Spriggan Gladiator)         Turns: 3143, Time: 00:03:34

Health: -1/23      AC:  2    Str: 11    XL:     4   Next: 94%
Magic:  5/5        EV: 21    Int:  9    God:
Gold:   201        SH:  0    Dex: 17    Spells: 3/3 levels left

rFire    . . .     SeeInvis +   a - +0 quarterstaff
rCold    . . .     Gourm    .   (shield currently unavailable)
rNeg     . . .     Faith    .   b - +0 robe
rPois    .         Spirit   .   c - +0 hat
rElec    .         Reflect  .   (no cloak)
rCorr    .         Harm     .   (gloves unavailable)
MR       .....                  (boots unavailable)
Stlth    ++........             (no amulet)
HPRegen  0.07/turn              (no ring)
MPRegen  0.09/turn              (no ring)

@: very quick
A: very small, unfitting armour, see invisible, herbivore, speed 3, slow
metabolism 2
a: no special abilities


You were on level 4 of the Dungeon.
You were not hungry.

You visited 1 branch of the dungeon, and saw 4 of its levels.

You collected 201 gold pieces.

Inventory:

Hand Weapons
 a - a +0 quarterstaff (weapon)
Missiles
 d - 3 throwing nets (quivered)
Armour
 b - a +0 robe (worn)
 c - a +0 hat (worn)
Jewellery
 j - an uncursed ring of stealth {unknown}
Wands
 m - a wand of paralysis (12)
Scrolls
 i - 2 scrolls of enchant weapon {unknown}
 k - 2 scrolls of teleportation {unknown}
 l - 2 scrolls of remove curse {unknown}
 o - a scroll of fear {unknown}
 r - a scroll of identify {unknown}
Potions
 e - a potion of brilliance {unknown}
 g - 3 potions of curing {unknown}
 h - 3 potions of might {unknown}
 n - a potion of ambrosia {unknown}
 p - a potion of mutation {unknown}
 q - a potion of degeneration {unknown}
 s - a potion of lignification {unknown}
 t - 2 potions of invisibility {unknown}
Comestibles
 f - 5 rations


   Skills:
 + Level 2.3 Fighting
 * Level 3.1 Staves
 + Level 2.8 Throwing
 + Level 5.3 Dodging


You had 3 spell levels left.
You didn't know any spells.
Your spell library was empty.

Dungeon Overview and Level Annotations

Branches:
Dungeon (4/15)
 Temple: D:4-7

Altars:
Gozag
Ru
The Shining One


Innate Abilities, Weirdness & Mutations

You are very small and have problems with some larger weapons.
You are too small for most types of armour.
You have supernaturally acute eyesight. (SInv)
You are a herbivore.
You cover ground extremely quickly.
You need to consume almost no food.


Message History

You thump the gnoll!
The gnoll is heavily wounded.
The gnoll closely misses you.
The gnoll hits you from afar with a spear!
* * * LOW HITPOINT WARNING * * *
The gnoll closely misses you.
You sock the gnoll!
You kill the gnoll!
You closely miss the gnoll. The gnoll completely misses you. x2
You hit the gnoll.
The gnoll is moderately wounded.
The gnoll hits you but does no damage. The gnoll barely misses you.
You closely miss the gnoll.
The gnoll is moderately wounded.
The gnoll completely misses you. x2
You barely miss the gnoll.
The gnoll is moderately wounded.
The gnoll misses you. The gnoll completely misses you.
The gnoll hits you from afar with a spear.
You die...

##### #
###.#.####################
...#.g...#...............
##.#.###.#.##############
#..g.g.#g#.# #
#..#.#.#.#.# #
#..#.#.#@#.# #
#..#.#.g.#.# #
...#.#####.# #
.##g#.......# # #.
a.#......## # . .g+......#
#......# ........#
##.......#


You could see 2 gnolls.

Vanquished Creatures
  An orc wizard (D:2)
  3 adders (D:2)
  2 gnolls (D:4)
  2 worms
  2 dart slugs
  2 leopard geckos
  A ball python (D:1)
  11 bats
  3 giant cockroaches
  4 goblins
  5 hobgoblins
  3 jackals (D:2)
  A kobold (D:2)
  2 quokkas (D:2)
  4 frilled lizards
  9 rats
55 creatures vanquished.

Notes
Turn   | Place    | Note
-------+----------+-------------------------------------------
     0 | D:1      | prawnwizard the Spriggan Gladiator began the quest for the Orb.
     0 | D:1      | Reached XP level 1. HP: 10/10 MP: 2/2
    89 | D:1      | Reached XP level 2. HP: 12/15 MP: 3/3
   823 | D:2      | Found a sacrificial altar of Ru.
  1133 | D:2      | Reached XP level 3. HP: 8/18 MP: 4/4
  1297 | D:2      | Reached skill level 5 in Dodging
  1421 | D:2      | Reached XP level 4. HP: 23/23 MP: 5/5
  1492 | D:2      | Found a glowing golden altar of the Shining One.
  1737 | D:2      | HP: 1/23 [poisoned by an adder]
  2197 | D:2      | Found an opulent altar of Gozag.
  3143 | D:4      | Slain by a gnoll

Vault maps used:
D:1:      lightli_arrival_quake, hangedman_glass_teeth, serial_park_tiny_1,
          minivault_19, patterned_corridor
D:2:      marbit_many_paths, nicolae_ru_great_annihilating_truth,
          grunt_gozag_breadcrumbs
D:3:      first_ration
D:4:      nicolae_temple_entry_ecumenical, serial_shops, nicolae_shop_crystal,
          corexii_shack, uniq_grinder

Skill      XL: |  1  2  3  4 |
---------------+-------------+-----
Fighting       | 2 |  2.3
Dodging        | 5 |  5.3
Staves         | 3 |  3.1
Throwing       | |  2.8

Action                   |  1- 3 |  4- 6 || total
-------------------------+-------+-------++-------
Melee: Quarterstaff      |   100 |    77 ||   177
 Stab: Sleeping          |     1 |     3 ||     4
       Paralysed         |     1 |       ||     1
Armor: Robe              |    16 |     9 ||    25
Dodge: Dodged            |   100 |    90 ||   190

Table legend:
 A = Spawn XP
 B = Non-spawn XP
 C = Spawn XP percentage of total XP
 D = Spawn monster count
 E = Non-spawn monster count
 F = Spawn count percentage of total count
 G = Total turns spent on level
                    A         B        C        D         E        F      G
               +---------+---------+-------+---------+---------+-------+---------
         Total |       0 |     191 |   0.0 |       0 |      55 |   0.0 |  3143
               +---------+---------+-------+---------+---------+-------+---------
           D:1 |       0 |      34 |   0.0 |       0 |      19 |   0.0 |  1563
           D:2 |       0 |     113 |   0.0 |       0 |      26 |   0.0 |   826
           D:3 |       0 |      17 |   0.0 |       0 |       8 |   0.0 |   688
           D:4 |       0 |      27 |   0.0 |       0 |       2 |   0.0 |    66
               +---------+---------+-------+---------+---------+-------+---------
